 Dungeon Crawl Stone Soup version 0.29-a0-823-gc37b1572da (webtiles) character file.

Game seed: 3636146614895144309

124 snetch the Chopper (level 4, 0/41 HPs)
             Began as a Minotaur Berserker on July 8, 2022.
             Was a Believer of Trog.
             Succumbed to Dowan's poison
             ... on level 4 of the Dungeon.
             The game lasted 00:05:32 (2261 turns).

snetch the Chopper (Minotaur Berserker)             Turns: 2261, Time: 00:05:32

Health: 0/41       AC: 12    Str: 23    XL:     4   Next: 81%
Magic:  3/3        EV:  7    Int:  4    God:    Trog [**....]
Gold:   83         SH:  0    Dex: 10    Spells: 3/3 levels left

rFire   . . .      SeeInvis .   a - +0 hand axe
rCold   . . .      Faith    .   (no shield)
rNeg    . . .      Spirit   .   p - +0 plate armour
rPois   .          Reflect  .   (helmet restricted)
rElec   .          Harm     .   (no cloak)
rCorr   .          Rampage  .   l - +0 pair of gloves
Will    .....                   (no boots)
Stlth   ..........              o - amulet of the acrobat
HPRegen 0.13/turn               (no ring)
MPRegen 0.08/turn               (no ring)

@: lethally poisoned (0 -> -24)
A: horns 2, retaliatory headbutt
a: Renounce Religion, Berserk, Trog's Hand


You were on level 4 of the Dungeon.
You worshipped Trog.
Trog was pleased with you.
You visited 1 branch of the dungeon, and saw 4 of its levels.

You collected 106 gold pieces.
You spent 23 gold pieces at shops.

Inventory:

Hand Weapons
 a - a +0 hand axe (weapon)
 u - a +0 flail
 v - a +0 trident
Missiles
 f - 23 stones (quivered)
 x - 4 boomerangs
Armour
 l - a +0 pair of gloves (worn)
 p - a +0 plate armour (worn)
Jewellery
 o - an amulet of the acrobat (around neck)
Scrolls
 d - 2 scrolls of vulnerability {unknown}
 g - 6 scrolls of identify {unknown}
 h - a scroll of acquirement {unknown}
 k - 2 scrolls of poison {unknown}
 r - a scroll of torment {unknown}
 t - 3 scrolls of immolation {unknown}
 w - 3 scrolls of enchant weapon {unknown}
 y - a scroll of noise {unknown}
 z - a scroll of blinking {unknown}
Potions
 b - 2 potions of heal wounds {unknown}
 c - a potion of degeneration {unknown}
 e - 2 potions of mutation {unknown}
 i - 5 potions of curing {unknown}
 j - 2 potions of magic {unknown}
 m - a potion of ambrosia {unknown}
 n - 2 potions of attraction {unknown}
 q - a potion of cancellation {unknown}
 s - a potion of lignification {unknown}


   Skills:
 + Level 4.7 Fighting
 + Level 5.0 Axes
 + Level 3.6 Armour
 + Level 2.6 Dodging
 + Level 0.1 Stealth


You had 3 spell levels left.
You didn't know any spells.
Your spell library contained the following spells:

 Spells                   Type           Power      Damage    Failure   Level
 Fulminant Prism          Conj/Hex       0%         3d6       100%        4
 Iskenderun's Mystic Bla  Conj/Tloc      0%         2d3       100%        4
 Olgreb's Toxic Radiance  Pois           0%         N/A       100%        4
 Lee's Rapid Deconstruct  Erth           0%         3d5*      100%        5
 Ozocubu's Refrigeration  Ice            0%         4d5       100%        7
 Ignition                 Fire           0%         3d3       100%        8


Dungeon Overview and Level Annotations

Branches:
Dungeon (4/15)
 Temple: D:4-7

Altars:
The Shining One

Shops:
D:2 (*(

Annotations:
D:4 Dowan


Innate Abilities, Weirdness & Mutations

You have a pair of horns on your head.
You reflexively headbutt those who attack you in melee.


Message History

Dowan hits you with a +2 dagger of venom.
You are poisoned.
You hit Dowan.
Dowan is moderately wounded.
You feel very sick.
Dowan hits you with a +2 dagger of venom.
You are more poisoned.
You hit Dowan.
Dowan is heavily wounded.
You feel very sick.
Dowan hits you with a +2 dagger of venom.
You are lethally poisoned!
You hit Dowan. Your headbutt misses Dowan.
Dowan is heavily wounded.
You feel very sick. Dowan barely misses you. You furiously retaliate!
You headbutt Dowan.
Unknown command.
You hit Dowan but do no damage. Your headbutt misses Dowan.
Dowan is almost dead.
You feel very sick.
Dowan points at you and mumbles some strange words.
The puff of flame hits you but does no damage.
Unknown command.
You barely miss Dowan.
Dowan is almost dead.
* * * LOW HITPOINT WARNING * * *
You feel very sick. Dowan hits you but does no damage.
You are more poisoned.
Unknown command.
You hit Dowan but do no damage.
Dowan is almost dead.
* * * LOW HITPOINT WARNING * * *
You feel very sick.
Dowan hits you with a +2 dagger of venom.
* * * LOW HITPOINT WARNING * * *
You are more poisoned.
You closely miss Dowan.
Dowan is almost dead.
You die...

e.. #. #+#.#.#..........
...#.#.##.#.#.##.##......
.....#.##.#.#.#..........
.$...#.##.#.#.#...##....#
.....##.#.#.#...#....##
#...##.#.#.#.......##.
#....#.#......#...##..
#..#.#...#....###..#
#.e@....#####...##..
........###.### ##...##.
........+...# #....##
........##### #.....#
.......?# ####......
........# #.........
.......># #.........
........# #......###
#......###


You could see Dowan.

Vanquished Creatures
  A hound (D:4)
  2 adders
  A worm (D:2)
  4 dart slugs
  5 orcs (D:3)
  9 endoplasms
  2 giant cockroaches (D:1)
  4 hobgoblins
  4 jackals (D:2)
  6 kobolds
  2 quokkas (D:3)
  6 ball pythons
  4 bats
  3 frilled lizards
  A goblin (D:2)
  5 rats
59 creatures vanquished.

Notes
Turn   | Place    | Note
-------+----------+-------------------------------------------
     0 | D:1      | snetch the Minotaur Berserker began the quest for the Orb.
     0 | D:1      | Reached XP level 1. HP: 19/19 MP: 0/0
   186 | D:2      | Reached skill level 4 in Axes
   186 | D:2      | Reached XP level 2. HP: 27/27 MP: 1/1
   190 | D:2      | Found Buq Unuk's Weapon Boutique.
   235 | D:2      | Found Gukk's Antique Weapon Emporium.
   241 | D:2      | Found Yprahixt's Assorted Antiques.
   273 | D:2      | Bought a bubbling inky potion for 23 gold pieces
   398 | D:1      | Reached XP level 3. HP: 31/33 MP: 2/2
   630 | D:1      | Reached ** piety under Trog
  1344 | D:2      | Found a faded altar of an unknown god.
  1425 | D:3      | Reached XP level 4. HP: 41/41 MP: 3/3
  2122 | D:4      | Reached skill level 5 in Axes
  2139 | D:4      | Found a glowing golden altar of the Shining One.
  2242 | D:4      | Noticed Dowan
  2261 | D:4      | Succumbed to Dowan's poison

Illustrated notes

Levels and vault maps discovered:
D:1:      matt_arrival_grand_opening, layout_basic
D:2:      layout_basic, ebering_ecumenical_altar_box, serial_shops, shop,
          nicolae_shop_bloodbath_and_beyond, shop
D:3:      layout_basic
D:4:      layout_basic, tso_metal_star, chequers_serial_rivers_small_3,
          uniq_duvessa

Skill      XL: |  1  2  3  4 |
---------------+-------------+-----
Fighting       | 4 |  4.7
Axes           | 4 5 |  5.0
Armour         | 3 |  3.6
Dodging        | |  2.6
Stealth        | |  0.1

Action                   |  1- 3 |  4- 6 || total
-------------------------+-------+-------++-------
Melee: Hand axe          |    73 |    40 ||   113
       Headbutt          |     8 |     5 ||    13
Armor: Ring mail         |    12 |       ||    12
       Plate armour      |    19 |    15 ||    34
Dodge: Dodged            |    43 |    13 ||    56

Table legend: (Time is in decaauts)
 A = Elapsed time spent in this place.
 B = Non-inter-level travel time spent in this place.
 C = Inter-level travel time spent in this place.
 D = Time resting spent in this place.
 E = Time spent auto-exploring this place.
 F = Levels seen in this place.
 G = Mean time per level.
                   A        B        C        D        E       F      G
               +--------+--------+--------+--------+--------+-----+--------+
         Total |   2273 |   2207 |     66 |      6 |   1581 |   4 |  568.2 |
       Dungeon |   2273 |   2207 |     66 |      6 |   1581 |   4 |  568.2 |
               +--------+--------+--------+--------+--------+-----+--------+

Top non-repeatable levels by time:
     D:1: 770 daAuts
     D:3: 705 daAuts
     D:2: 620 daAuts
     D:4: 177 daAuts
